 Dungeon Crawl Stone Soup version 0.31-a0-965-g8a8ce12e04 (webtiles) character file.

Game seed: 869912357654643553

155 Maxmaps the Sneak (level 5, -1/54 HPs)
             Began as an Octopode Shapeshifter on Oct 27, 2023.
             Slain by an orc priest
             ... wielding a +0 hand axe
              (2 damage)
             ... on level 3 of the Dungeon.
             The game lasted 00:02:05 (2072 turns).

Maxmaps the Sneak (Octopode Shapeshifter)           Turns: 2072, Time: 00:02:06

Health: -1/54      AC: 22    Str: 13    XL:     5   Next: 37%
Magic:  5/5        EV:  2    Int: 14    God:
Gold:   186        SH:  0    Dex: 12    Spells: 4/4 levels left

rFire   . .          .
                       - Unarmed
rCold   . . .        (no shield)
rNeg    . . .        (helmet currently unavailable)
rPois   +            (no amulet)
rElec   .            (no ring)
rCorr   .            (no ring)
SInv    .            (no ring)
Will    .....        (no ring)
Stlth   +++          (no ring)
HPRegen 0.29/turn    (no ring)
MPRegen 0.09/turn    (no ring)
                     (no ring)

%: no passive effects
@: tree-form
A: stationary, stasis, torment immunity, boosted hp, almost no armour,
(amphibious), 8 rings, (camouflage 1), (gelatinous body 1), (nimble swimmer 1),
(tentacles)
a: no special abilities


You were on level 3 of the Dungeon.
You were a tree.
You visited 1 branch of the dungeon, and saw 3 of its levels.

You collected 186 gold pieces.

Inventory:

Talismans
 b - a beast talisman
 c - a flux talisman
 k - a blade talisman
Scrolls
 d - a scroll of vulnerability {unknown}
 e - a scroll of teleportation {unknown}
 f - a scroll of fear {unknown}
 g - 2 scrolls of identify {unknown}
 j - a scroll of enchant armour {unknown}
Potions
 h - a potion of invisibility {unknown}
 i - 3 potions of curing {unknown}
 l - 2 potions of heal wounds {unknown}


   Skills:
 - Level 3.0 Fighting
 - Level 2.0 Dodging
 - Level 4.3 Stealth
 - Level 3.0 Unarmed Combat
 + Level 3.7 Shapeshifting


You had 4 spell levels left.
You didn't know any spells.
Your spell library was empty.

Dungeon Overview and Level Annotations

Branches:
Dungeon (3/15)

Altars:


Innate Abilities, Weirdness & Mutations

You are a tree.
Your roots penetrate the ground, keeping you stationary.
You cannot be teleported.
You are immune to unholy pain and torment.
Your maximum health is greatly increased.
You cannot wear most types of armour.
((You are amphibious.))
You can wear up to eight rings at the same time.
((Your skin changes colour to match your surroundings (Stealth+).))
((Your rubbery body absorbs attacks. (AC +1, EV +1)))
((You are camouflaged when in or above water. (Stealth+)))
((You have tentacles for arms and can constrict up to eight enemies at once.))


Message History

Your grab misses the orc priest. Your squeeze misses the orc priest.
The orc priest hits you with a +0 hand axe.
The orc hits you with a +0 short sword.
You are too injured to fight recklessly!
You are too injured to fight recklessly!
You are too injured to fight recklessly!
You are too injured to fight recklessly!
You are too injured to fight recklessly!
You are too injured to fight recklessly!
You are too injured to fight recklessly!
You are too injured to fight recklessly!
You are too injured to fight recklessly!
You are too injured to fight recklessly!
Unknown command.
You barely miss the orc priest. Your grab misses the orc priest.
The endoplasm misses you. The orc misses you.
The orc priest calls down the wrath of Beogh upon you.
Beogh smites you!
* * * LOW HITPOINT WARNING * * *
Unknown command.
Your transformation has ended.
You turn into a tree.
Your roots penetrate the ground.
The endoplasm freezes you.
You are frozen.
* * * LOW HITPOINT WARNING * * *
The orc hits you but does no damage.
The orc priest begins to cast a cantrip, but forgets the words!
You hit the orc priest.
The orc priest is lightly wounded.
The endoplasm freezes you.
You are frozen.
* * * LOW HITPOINT WARNING * * *
The orc hits you but does no damage.
The orc priest hits you but does no damage.
You smack the endoplasm!
You kill the endoplasm!
You barely miss the orc priest.
The orc priest is lightly wounded.
The orc priest hits you with a +0 hand axe.
You die...

#.# .... ##..#...###.
#...........
##.........# ###
#..........#....#)#
#.#........#......# #
..#...)o............# #
......o♣.....# #....# #
.............# #....#+##
.............###........
.............##.......##
.............##........#
.##...######............
#### ##.##.....#..
####.....#.. #####.###


You could see an orc priest and an orc.

Vanquished Creatures
  Crazy Yiuf (D:2)
  Terence (D:2)
  4 adders
  A worm (D:3)
  2 orcs (D:3)
  8 bats
  8 endoplasms
  3 giant cockroaches
  3 goblins
  4 hobgoblins
  2 jackals (D:1)
  2 quokkas
  5 ball pythons
  3 frilled lizards
  8 kobolds
  5 rats
  A spectral kobold (D:1)
61 creatures vanquished.

Notes
Turn   | Place    | Note
-------+----------+-------------------------------------------
     0 | D:1      | Maxmaps the Octopode Shapeshifter began the quest for the
                  | Orb.
     0 | D:1      | Reached XP level 1. HP: 13/13 MP: 1/1
    87 | D:1      | Found a faded altar of an unknown god.
   131 | D:1      | Reached XP level 2. HP: 18/19 MP: 2/2
   364 | D:1      | Reached XP level 3. HP: 25/25 MP: 3/3
   909 | D:2      | Reached skill level 1 in Stealth
   970 | D:2      | Found a runed translucent door.
   971 | D:2      | Noticed Crazy Yiuf
  1032 | D:2      | Reached skill level 2 in Stealth
  1122 | D:2      | Reached XP level 4. HP: 31/31 MP: 4/4
  1138 | D:2      | Reached skill level 3 in Stealth
  1307 | D:2      | Noticed Terence
  1321 | D:2      | Killed Terence
  1322 | D:2      | Reached skill level 4 in Stealth
  1863 | D:2      | Killed Crazy Yiuf
  1864 | D:2      | Reached XP level 5. HP: 16/36 MP: 0/5
  2069 | D:3      | HP: 1/54 [frozen (3)]
  2072 | D:3      | Slain by an orc priest

Illustrated notes

Levels and vault maps discovered:
D:1:      matt_arrival_refuge, layout_basic,
          dreamdust_ecumenical_altar_drowned_temple,
          amcnicky_mini_corridor_feature
D:2:      layout_rooms, serial_co_window_serial, co_window_paths_a,
          co_window_paths_a, co_window_paths_b, co_window_cross_1,
          co_window_paths_b, co_window_broadway_c, co_window_of_opportunity_c,
          co_window_of_opportunity_c, co_window_broadway_a, co_window_corner_b,
          co_window_of_opportunity_b, co_window_cross_4, glass_columns_c,
          glass_columns_a, minmay_goblin_kobold_house, uniq_crazy_yiuf_cottage,
          uniq_terence
D:3:      minmay_chambers_of_twos, layout_rooms

Skill      XL: |  1  2  3  4 |
---------------+-------------+-----
Fighting       | 2 3 |  3.0
Stealth        | 2 4 |  4.3
Dodging        | |  2.0
Unarmed Combat | |  3.0
Shapeshifting  | |  3.7

Action                     |  1- 3 |  4- 6 || total
---------------------------+-------+-------++-------
  Melee: Unarmed           |    59 |    53 ||   112
         Constrict         |    19 |    13 ||    32
         Tentacles         |    14 |     7 ||    21
         Punch             |     2 |     1 ||     3
    Use: Potion            |       |     1 ||     1
   Stab: Sleeping          |     2 |     9 ||    11
 Armour: Skin              |    16 |    28 ||    44
  Dodge: Dodged            |    33 |    19 ||    52

Table legend: (Time is in decaauts)
 A = Elapsed time spent in this place.
 B = Non-inter-level travel time spent in this place.
 C = Inter-level travel time spent in this place.
 D = Time resting spent in this place.
 E = Time spent auto-exploring this place.
 F = Levels seen in this place.
 G = Mean time per level.
                   A        B        C        D        E       F      G
               +--------+--------+--------+--------+--------+-----+--------+
         Total |   2065 |   2008 |     57 |     52 |   1605 |   3 |  688.3 |
       Dungeon |   2065 |   2008 |     57 |     52 |   1605 |   3 |  688.3 |
               +--------+--------+--------+--------+--------+-----+--------+

Top non-repeatable levels by time:
     D:2: 1087 daAuts
     D:1: 876 daAuts
     D:3: 101 daAuts
